 Dungeon Crawl Stone Soup version 0.30-a0-385-gfebfb9b408 (webtiles) character file.

Game seed: 9151149735324391462

3675 runemasterragnar the Thaumaturge (level 10, -8/76 HPs)
             Began as a Gnoll Wanderer on Nov 29, 2022.
             Was a Priest of Hepliaklqana.
             Killed from afar by Erica (12 damage)
             ... with a bolt of poison
             ... on level 8 of the Dungeon on Dec 2, 2022.
             The game lasted 00:11:16 (6616 turns).

runemasterragnar the Thaumaturge (Gnoll Wanderer)   Turns: 6616, Time: 00:11:17

Health: -8/76      AC: 11    Str: 10    XL:     10   Next: 13%
Magic:  24/24      EV: 15    Int: 14    God:    Hepliaklqana [***...]
Gold:   357        SH:  0    Dex: 15    Spells: 29/30 levels left

rFire   . . .      SeeInvis .    D - +4 war axe
rCold   . . .      Faith    +    (no shield)
rNeg    . . .      Spirit   .    J - +0 acid dragon scales
rPois   +          Reflect  .    (no helmet)
rElec   .          Harm     .    (no cloak)
rCorr   +          Rampage  .    (no gloves)
Will    .....                    (no boots)
Stlth   +++.......               d - amulet of faith
HPRegen 0.32/turn                m - +4 ring of protection
MPRegen 0.19/turn                B - ring of poison resistance

@: no status effects
A: reduced essence, fangs 1, strong nose, distributed training, robust 1, wild
magic 1
a: Renounce Religion, Recall Ancestor, Ancestor Identity, Transference


You were on level 8 of the Dungeon.
You worshipped Hepliaklqana.
Hepliaklqana was most pleased with you.
You visited 1 branch of the dungeon, and saw 8 of its levels.

You collected 539 gold pieces.
You spent 182 gold pieces at shops.

Inventory:

Hand Weapons
 a - a +0 dagger
 e - a +0 short sword
 g - a +0 hand axe
 y - the +4 war axe of Spontaneous Combustion {vorpal, rElec rC+ Str-4}
   (You found it on level 5 of the Dungeon)

   It inflicts extra damage upon your enemies.
   Str:       It affects your strength (-4).
   rC:        It protects you from cold.
   rElec:     It insulates you from electricity.
 D - a +4 war axe (weapon)
Missiles
 b - 18 poisoned darts (quivered)
 I - 2 throwing nets
 K - a curare-tipped dart
Armour
 c - a +2 leather armour
 p - a +0 ring mail
 G - the +3 leather armour "Cekior" {rC- Int+6 Stlth+}
   (You found it on level 7 of the Dungeon)

   Int:       It affects your intelligence (+6).
   rC:        It makes you vulnerable to cold.
   Stlth:     It makes you more stealthy.
 J - +0 acid dragon scales (worn)
 L - a +1 leather armour of cold resistance
Jewellery
 d - an amulet of faith (around neck)
 m - a +4 ring of protection (left hand)
 B - a ring of poison resistance (right hand)
 H - a ring of see invisible
Wands
 k - a wand of flame (24)
Scrolls
 j - a scroll of butterflies {unknown}
 n - a scroll of poison {unknown}
 o - 6 scrolls of teleportation
 q - 2 scrolls of amnesia {unknown}
 t - 2 scrolls of immolation
 u - a scroll of magic mapping {unknown}
 w - 2 scrolls of torment
 x - 3 scrolls of noise
 A - a scroll of enchant armour {unknown}
 C - a scroll of vulnerability {unknown}
 E - 3 scrolls of enchant weapon
 F - 2 scrolls of fear
Potions
 f - 2 potions of flight
 h - a potion of curing
 i - 2 potions of mutation
 l - 2 potions of heal wounds
 r - a potion of invisibility
 s - 2 potions of cancellation
 v - a potion of degeneration
 z - 2 potions of ambrosia


   Skills:
 + Level 5.8 Fighting
 + Level 5.1 Short Blades
 + Level 5.1 Long Blades
 + Level 5.1 Axes
 + Level 5.1 Maces & Flails
 + Level 5.1 Polearms
 + Level 5.1 Staves
 + Level 5.1 Ranged Weapons
 + Level 7.0 Throwing
 + Level 5.1 Armour
 + Level 8.4 Dodging
 + Level 5.1 Stealth
 + Level 5.1 Shields
 + Level 5.1 Unarmed Combat
 + Level 10.6 Spellcasting
 + Level 4.2 Conjurations
 + Level 4.2 Hexes
 + Level 4.2 Summonings
 + Level 4.2 Necromancy
 + Level 4.2 Translocations
 + Level 4.2 Transmutations
 + Level 4.2 Fire Magic
 + Level 4.2 Ice Magic
 + Level 4.2 Air Magic
 + Level 4.2 Earth Magic
 + Level 4.2 Poison Magic
 + Level 5.6 Invocations
 + Level 5.1 Evocations


You had 29 spell levels left.
You knew the following spells:

 Your Spells              Type           Power      Damage    Failure   Level
a - Freeze                Ice            100%       1d10      4%          1

Your spell library contained the following spells:

 Spells                   Type           Power      Damage    Failure   Level
 Magic Dart               Conj           100%       1d8       4%          1
 Searing Ray              Conj           50%        2d6       6%          2
 Frozen Ramparts          Ice            50%        1d8       12%         3
 Gell's Gravitas          Tloc           25%        N/A       12%         3
 Lesser Beckoning         Tloc           50%        N/A       12%         3
 Teleport Other           Tloc           25%        N/A       12%         3
 Fulminant Prism          Conj/Hex       12%        3d9       34%         4


Dungeon Overview and Level Annotations

Branches:
Dungeon (8/15)             Temple (0/1) D:7
   Lair: D:8-11

Altars:
Hepliaklqana
Wu Jian

Shops:
D:2 ?

Annotations:
D:8 Erica, Maurice


Innate Abilities, Weirdness & Mutations

Your life essence is reduced to manifest your ancestor. (-10% HP)
You have very sharp teeth.
Your uncanny sense of smell can sniff out nearby items.
Your experience applies equally to all skills.
You are robust. (+10% HP)
Your spells are a little harder to cast, but a little more powerful.


Message History

You barely miss the wyvern simulacrum.
The wyvern simulacrum is moderately damaged.
You barely miss the ice beast. You hit the howler monkey.
The howler monkey misses you. The wyvern simulacrum bites you.
The wyvern simulacrum freezes you! The ice beast barely misses you.
The howler monkey closely misses you.
The wyvern simulacrum closely misses you.
You hit the wyvern simulacrum.
The wyvern simulacrum is severely damaged.
You hit the ice beast. You hit the howler monkey.
The ice beast completely misses you. The howler monkey closely misses you.
The wyvern simulacrum bites you but does no damage.
Unknown command.
You barely miss the wyvern simulacrum.
The wyvern simulacrum is severely damaged.
You hit the howler monkey.
You kill the howler monkey!
You hit the ice beast but do no damage.
The wyvern simulacrum barely misses you.
The ice beast hits you but does no damage.
The wyvern simulacrum barely misses you.
The ice beast closely misses you. Something hits you. Something burns you.
You hit the wyvern simulacrum.
The wyvern simulacrum vaporises!
You closely miss the ice beast. You hit something.
You hear some strange, mumbled words.
A lance of force appears from out of thin air!
The lance of force hits you!!
* * * LOW HITPOINT WARNING * * *
You are knocked back by the lance of force.
You slam into the rock wall!
* * * LOW HITPOINT WARNING * * *
The ice beast closely misses you.
You closely miss the ice beast.
The ice beast is almost dead.
You closely miss something.
You hear some strange, mumbled words.
A bolt of poison appears from out of thin air!
The bolt of poison hits you! You resist.
You die...

.####....##...###......
......##..#.#.....#....
##.....................
#.....##.....#######.$.
#.....##..##...##......
#.........####.........
...##.$.## #........
#R#...# .........
#@##.......#..$...
#.....{○Y.....##.>......
#..........#### ##....@D
#.........## #.........#
#.....8...# ..........#
$#........#


You could see the friendly Fikile the knight and an ice beast (ally target).

Vanquished Creatures
  A black bear (D:7)
  2 ogres
  A centaur (D:7)
  3 phantoms
  3 bullfrogs
  2 necrophages
  A scorpion (D:2)
  3 wights (D:7)
  2 howler monkeys (D:8)
  A wyvern simulacrum (D:8)
  A gnoll bouda (D:7)
  3 orc priests
  4 hounds
  3 iguanas
  5 orc wizards
  6 gnolls
  10 adders
  A shadow imp (D:7)
  A howler monkey simulacrum (D:8)
  A worm (D:3)
  5 dart slugs
  15 orcs
  2 endoplasms (D:1)
  2 giant cockroaches
  3 goblins
  10 hobgoblins
  7 jackals
  8 quokkas
  10 ball pythons
  4 bats (D:1)
  4 frilled lizards
  12 kobolds
  5 rats
141 creatures vanquished.

Vanquished Creatures (collateral kills)
  A two-headed ogre (D:6)
  An acid dragon (D:6)
  2 sky beasts (D:7)
  An ogre (D:6)
  An orc warrior (D:8)
  A kobold brigand (D:6)
  A bullfrog (D:7)
  A scorpion (D:7)
  2 wights (D:7)
  3 hounds
  A jelly (D:6)
  2 orc priests (D:6)
  5 orc wizards
  3 iguanas
  3 gnolls (D:6)
  2 white imps (D:7)
  13 orcs
  2 kobolds (D:6)
45 creatures vanquished.

Vanquished Creatures (others)
  A knight (D:6)
  2 ancestors
  6 fungi (D:5)
  5 toadstools (D:5)
14 creatures vanquished.

Grand Total: 200 creatures vanquished

Notes
Turn   | Place    | Note
-------+----------+-------------------------------------------
     0 | D:1      | Reached skill level 9 in Spellcasting
     0 | D:1      | runemasterragnar the Gnoll Wanderer began the quest for the
                  | Orb.
     0 | D:1      | runemasterragnar set off with the following items: a +0
                  | dagger, 12 poisoned darts, a +2 leather armour, a potion of
                  | attraction; and the following spell memorised: Freeze; and
                  | the following spells available to memorise: Frozen
                  | Ramparts.
     0 | D:1      | Reached XP level 1. HP: 17/17 MP: 10/10
    41 | D:1      | Reached XP level 2. HP: 10/23 MP: 10/12
   561 | D:1      | Reached XP level 3. HP: 26/28 MP: 13/13
   675 | D:1      | Reached skill level 1 in Invocations
  1018 | D:2      | Reached skill level 1 in Short Blades
  1018 | D:2      | Reached skill level 1 in Long Blades
  1018 | D:2      | Reached skill level 1 in Axes
  1018 | D:2      | Reached skill level 1 in Maces & Flails
  1018 | D:2      | Reached skill level 1 in Polearms
  1018 | D:2      | Reached skill level 1 in Staves
  1018 | D:2      | Reached skill level 1 in Ranged Weapons
  1018 | D:2      | Reached skill level 1 in Armour
  1018 | D:2      | Reached skill level 1 in Stealth
  1018 | D:2      | Reached skill level 1 in Shields
  1018 | D:2      | Reached skill level 1 in Unarmed Combat
  1018 | D:2      | Reached skill level 1 in Evocations
  1082 | D:2      | Found a hazy altar of Hepliaklqana.
  1115 | D:2      | Reached XP level 4. HP: 26/34 MP: 15/15
  1130 | D:2      | Became a worshipper of Hepliaklqana the Forgotten
  1309 | D:2      | Found Qock's Magic Scroll Shop.
  1315 | D:2      | Bought a scroll of teleportation for 42 gold pieces
  1315 | D:2      | Noticed a scorpion
  1396 | D:3      | Reached skill level 1 in Conjurations
  1396 | D:3      | Reached skill level 1 in Hexes
  1396 | D:3      | Reached skill level 1 in Summonings
  1396 | D:3      | Reached skill level 1 in Necromancy
  1396 | D:3      | Reached skill level 1 in Translocations
  1396 | D:3      | Reached skill level 1 in Transmutations
  1396 | D:3      | Reached skill level 1 in Fire Magic
  1396 | D:3      | Reached skill level 1 in Ice Magic
  1396 | D:3      | Reached skill level 1 in Air Magic
  1396 | D:3      | Reached skill level 1 in Earth Magic
  1396 | D:3      | Reached skill level 1 in Poison Magic
  1761 | D:3      | Found an ornate altar of the Wu Jian Council.
  1786 | D:3      | Reached XP level 5. HP: 18/40 MP: 16/16
  2322 | D:2      | Gained mutation: Your spells are a little harder to cast,
                  | but a little more powerful. [potion of mutation]
  2322 | D:2      | Gained mutation: You are robust. (+10% HP) [potion of
                  | mutation]
  2562 | D:4      | Noticed a phantom
  2655 | D:4      | Killed a phantom
  2656 | D:4      | Reached skill level 5 in Throwing
  2656 | D:4      | Reached XP level 6. HP: 14/51 MP: 16/18
  3126 | D:4      | Reached * piety under Hepliaklqana
  3446 | D:5      | Entered Level 5 of the Dungeon
  3450 | D:5      | Identified the +4 war axe of Spontaneous Combustion
                  | {vorpal, rElec rC+ Str-4}
  3631 | D:5      | Reached XP level 7. HP: 34/52 MP: 20/20
  3913 | D:5      | Reached XP level 8. HP: 58/60 MP: 21/21
  4378 | D:6      | Reached ** piety under Hepliaklqana
  4379 | D:6      | Remembered your ancestor Fikile as a knight
  4403 | D:6      | Noticed a two-headed ogre
  4901 | D:7      | Reached skill level 10 in Spellcasting
  4931 | D:7      | Identified the -1 helmet of Wariness {rCorr}
  5053 | D:7      | Found a staircase to the Ecumenical Temple.
  5112 | D:7      | Reached XP level 9. HP: 60/67 MP: 23/23
  5119 | D:7      | Identified the +3 leather armour "Cekior" {rC- Int+6
                  | Stlth+}
  5252 | D:7      | Reached *** piety under Hepliaklqana
  5264 | D:7      | Reached skill level 5 in Fighting
  5807 | D:6      | Killed a two-headed ogre
  5808 | D:6      | Reached skill level 5 in Invocations
  6210 | D:2      | Bought 3 scrolls of identify for 84 gold pieces
  6210 | D:2      | Bought a scroll of fear for 56 gold pieces
  6294 | D:7      | Reached skill level 5 in Short Blades
  6294 | D:7      | Reached skill level 5 in Long Blades
  6294 | D:7      | Reached skill level 5 in Axes
  6294 | D:7      | Reached skill level 5 in Maces & Flails
  6294 | D:7      | Reached skill level 5 in Polearms
  6294 | D:7      | Reached skill level 5 in Staves
  6294 | D:7      | Reached skill level 5 in Ranged Weapons
  6294 | D:7      | Reached skill level 5 in Armour
  6294 | D:7      | Reached skill level 5 in Stealth
  6294 | D:7      | Reached skill level 5 in Shields
  6294 | D:7      | Reached skill level 5 in Unarmed Combat
  6294 | D:7      | Reached skill level 5 in Evocations
  6294 | D:7      | Reached XP level 10. HP: 76/76 MP: 24/24
  6294 | D:7      | Upgraded the game from 0.30-a0-377-g5cb311bc9f to
                  | 0.30-a0-385-gfebfb9b408
  6589 | D:8      | Noticed Maurice
  6608 | D:8      | Noticed Erica
  6616 | D:8      | Killed from afar by Erica

Illustrated notes

Levels and vault maps discovered:
D:1:      amcnicky_arrival_wind_blow, layout_loops_ring
D:2:      layout_rooms, basic_altar, serial_shops, nicolae_square_shop,
          minmay_strange_pillars, reono_crystal_passage
D:3:      layout_rooms, nicolae_overflow_crystal_walls, serial_corexii_hall,
          chequers_hall_statues_corner_a, corexii_hall_statues_l,
          corexii_hall_statues_x, chequers_hall_statues_corner_a, st_stairs_8
D:4:      layout_gridville, minmay_cupped
D:5:      layout_rooms, minmay_gold_behind_fungi
D:6:      layout_basic
D:7:      layout_cave_pools, minmay_temple_entry_wispy, serial_rivers,
          chequers_serial_rivers_marsh, chequers_serial_rivers_small_a,
          chequers_serial_rivers_micro_a, chequers_serial_rivers_large_a,
          st_stairs_2, hangedman_decor_growths, grunt_ministairs_15
D:8:      layout_rooms, serial_ice, serial_ice_h, serial_ice_g, serial_ice_e,
          serial_ice_a, minmay_misc_feat_tiny, minmay_hollow_rounded_squares,
          uniq_erica, uniq_maurice, uniq_grum

Skill      XL: |  1  2  3  4  5  6  7  8  9 10 |
---------------+-------------------------------+-----
Spellcasting   | 10 | 10.6
Invocations    | 1 2 3 4 5 |  5.6
Short Blades   | 1 2 3 5 |  5.1
Long Blades    | 1 2 3 5 |  5.1
Axes           | 1 2 3 5 |  5.1
Maces & Flails | 1 2 3 5 |  5.1
Polearms       | 1 2 3 5 |  5.1
Staves         | 1 2 3 5 |  5.1
Ranged Weapons | 1 2 3 5 |  5.1
Armour         | 1 2 3 5 |  5.1
Stealth        | 1 2 3 5 |  5.1
Shields        | 1 2 3 5 |  5.1
Unarmed Combat | 1 2 3 5 |  5.1
Evocations     | 1 2 3 5 |  5.1
Conjurations   | 1 2 3 4 |  4.2
Hexes          | 1 2 3 4 |  4.2
Summonings     | 1 2 3 4 |  4.2
Necromancy     | 1 2 3 4 |  4.2
Translocations | 1 2 3 4 |  4.2
Transmutations | 1 2 3 4 |  4.2
Fire Magic     | 1 2 3 4 |  4.2
Ice Magic      | 1 2 3 4 |  4.2
Air Magic      | 1 2 3 4 |  4.2
Earth Magic    | 1 2 3 4 |  4.2
Poison Magic   | 1 2 3 4 |  4.2
Fighting       | 3 4 5 |  5.8
Throwing       | 5 6 7 |  7.0
Dodging        | 7 8 |  8.4

Action                   |  1- 3 |  4- 6 |  7- 9 | 10-12 || total
-------------------------+-------+-------+-------+-------++-------
Melee: Dagger            |    35 |       |       |       ||    35
       Bite              |    26 |    39 |    27 |     1 ||    93
       Short sword       |   177 |   345 |       |       ||   522
       Punch             |     2 |     7 |     8 |       ||    17
       War axe           |       |    20 |   184 |    29 ||   233
Throw: Dart              |       |       |     4 |       ||     4
 Cast: Freeze            |     1 |       |       |       ||     1
Invok: Ancestor Life: Kn |       |       |     1 |       ||     1
  Use: Potion            |       |     3 |       |       ||     3
       Scroll            |       |       |    10 |       ||    10
 Stab: Sleeping          |     2 |     6 |     4 |       ||    12
Armor: Leather armour    |    63 |   105 |    60 |       ||   228
       Acid dragon scale |       |       |     8 |    13 ||    21
Dodge: Dodged            |   170 |   238 |   206 |    35 ||   649

Table legend: (Time is in decaauts)
 A = Elapsed time spent in this place.
 B = Non-inter-level travel time spent in this place.
 C = Inter-level travel time spent in this place.
 D = Time resting spent in this place.
 E = Time spent auto-exploring this place.
 F = Levels seen in this place.
 G = Mean time per level.
                   A        B        C        D        E       F      G
               +--------+--------+--------+--------+--------+-----+--------+
         Total |   6668 |   6299 |    369 |    659 |   3990 |   8 |  833.5 |
       Dungeon |   6668 |   6299 |    369 |    659 |   3990 |   8 |  833.5 |
               +--------+--------+--------+--------+--------+-----+--------+

Top non-repeatable levels by time:
     D:4: 1099 daAuts
     D:5: 1013 daAuts
     D:6: 952 daAuts
     D:1: 950 daAuts
     D:3: 901 daAuts
     D:7: 859 daAuts
     D:2: 680 daAuts
     D:8: 211 daAuts
